Minnesota Wild vs Dallas Stars

Created - vendredi 19 octobre 2018 at 19:00

Goals
1 2 3 T
Minnesota Wild 0 1 0 1
Dallas Stars 1 1 0 2
Shots
1 2 3 T
Minnesota Wild 3 12 8 23
Dallas Stars 9 12 11 32

1st period

1. Dallas Stars , Derek Grant 2 (Tom Wilson 2, Pierre-Edouard Bellemare 2) at 19:03

Penalties :
Tom Wilson (DAL) for Hooking (Minor) at 6:23

2nd period

2. Dallas Stars , Devin Shore 2 (Carl Soderberg 4, John Klingberg 2) at 3:55
3. Minnesota Wild , Mikko Koivu 5 (Alexander Steen 5) at 6:12 (PP)

Penalties :
Oscar Klefbom (DAL) for Holding (Minor) at 6:09, John Klingberg (DAL) for Diving (Minor) at 17:36

3rd period

No Goal

Penalties :
Matthew Tkachuk (DAL) for Hooking (Minor) at 5:49

Goalie Stats

Darcy Kuemper (MIN), 30 saves from 32 shots - (0.938), L, 1-1-0, 59:00 minutes
Jake Allen (DAL), 22 saves from 23 shots - (0.957), W, 4-2-0, 60:00 minutes

Players Stats for Minnesota Wild

Player Name              G  A  P  +/- PIM S  H  SB GA TA FO     MP     PP MP  PK MP  
------------------------------------------------------------------------------------
Alexander Steen          0  1  1  -1  0   2  2  0  2  0  1/1    17:48   3:13   0:00 
Christian Folin          0  0  0  -1  0   2  3  0  1  0  0/0    20:13   3:30   0:00 
David Warsofsky          0  0  0  -1  0   1  0  1  0  1  0/0    16:00   0:00   0:00 
Jared Spurgeon           0  0  0   0  0   0  1  1  1  3  0/0    23:27   3:30   0:00 
Jason Zucker             0  0  0  -1  0   1  3  0  1  0  0/0    18:08   2:47   0:00 
Joel Eriksson Ek         0  0  0   0  0   0  3  0  0  0  0/1    12:28   0:00   0:00 
Johan Larsson            0  0  0   0  0   2  2  0  0  0  2/3    12:28   0:00   0:00 
Jonas Brodin             0  0  0   0  0   0  1  0  1  1  0/0    19:19   2:30   0:00 
Matt Cullen              0  0  0   0  0   0  2  0  0  0  5/8    13:20   0:00   0:00 
Matt Dumba               0  0  0  -1  0   1  0  1  0  1  0/0    24:12   2:30   0:00 
Matt Nieto               0  0  0   0  0   4  0  0  1  0  0/0    13:32   0:12   0:00 
Mika Zibanejad           0  0  0  -1  0   1  3  0  0  0  4/12   17:53   2:47   0:00 
Mikael Granlund          0  0  0  -1  0   2  1  0  0  0  1/1    16:58   2:47   0:00 
Mikko Koivu              1  0  1  -1  0   3  2  0  1  0  10/18  16:19   3:13   0:00 
Nate Prosser             0  0  0  -1  0   1  1  0  0  0  0/0    16:00   0:00   0:00 
Nino Niederreiter        0  0  0  -1  0   0  2  1  0  0  0/0    16:07   3:01   0:00 
Patrick Sharp            0  0  0   0  0   2  0  0  0  0  0/0    13:20   0:00   0:00 
Ty Rattie                0  0  0   0  0   1  2  0  2  1  0/0    12:28   0:00   0:00 

Players Stats for Dallas Stars

Player Name              G  A  P  +/- PIM S  H  SB GA TA FO     MP     PP MP  PK MP  
------------------------------------------------------------------------------------
Carl Soderberg           0  1  1   1  0   3  4  0  0  2  4/10   13:34   0:00   0:51 
Colton Parayko           0  0  0   0  0   1  1  1  0  1  0/0    20:54   0:00   3:49 
Derek Grant              1  0  1   1  0   3  2  1  0  0  0/0    11:42   0:00   1:09 
Devin Shore              1  0  1   1  0   1  0  0  1  0  0/0    13:04   0:00   0:30 
James Neal               0  0  0   0  0   1  1  0  0  0  0/1    16:03   0:00   0:00 
John Klingberg           0  1  1   2  2   0  1  1  2  0  0/0    21:34   0:00   1:57 
Kyle Connor              0  0  0   1  0   4  1  0  0  2  1/2    12:34   0:00   0:00 
Loui Eriksson            0  0  0   0  0   2  3  0  1  2  0/0    16:48   0:00   2:18 
Mark Scheifele           0  0  0   0  0   4  1  0  1  0  8/12   14:48   0:00   0:00 
Matthew Tkachuk          0  0  0   0  2   2  5  0  0  0  0/0    14:30   0:00   0:00 
Oscar Klefbom            0  0  0   0  2   0  3  0  0  1  0/0    18:59   0:00   0:00 
Pierre-Edouard Bellemare 0  1  1   1  0   0  5  0  0  0  6/10   14:58   0:00   2:51 
Riley Sheahan            0  0  0   0  0   1  2  2  1  0  2/9    16:48   0:00   2:18 
Ryan Ellis               0  0  0   2  0   5  3  0  0  1  0/0    22:41   0:00   3:32 
Stephen Johns            0  0  0   0  0   0  3  0  0  0  0/0    16:23   0:00   0:00 
Tom Wilson               0  1  1   1  2   3  3  0  1  0  0/0    14:09   0:00   2:03 
Trevor Daley             0  0  0   0  0   1  1  1  0  1  0/0    19:39   0:00   2:42 
Viktor Arvidsson         0  0  0   0  0   1  3  1  0  0  0/0    14:48   0:00   0:00 

3 Stars

1 - Derek Grant (DAL)
2 - Pierre-Edouard Bellemare (DAL)
3 - Jake Allen (DAL)

Power Play

Minnesota Wild - 1 on 4 Attempt(s) - 25.00%
Dallas Stars - 0 on 0 Attempt(s) - 0.00%

Penalty Kill

Minnesota Wild - 0 on 0 Attempt(s) - 0.00% - Score 0 goal in Penalty Kill
Dallas Stars - 3 on 4 Attempt(s) - 75.00% - Score 0 goal in Penalty Kill

Team Stat

Minnesota Wild - Hits : 28 - Faceoff Wins : 23 - Blocked Shots : 4 - Penalty Minutes : 0
Dallas Stars - Hits : 42 - Faceoff Wins : 21 - Blocked Shots : 7 - Penalty Minutes : 8

Official

Referees : Graham Skilliter and Marc Joannette
Linesman : Tony Sericolo and Pierre Racicot

Game Notes

No Game Note

Finance

Level 1 -- Attendance: 9693 (88.93%) -- Ticket Income fr. 765'747
Level 2 -- Attendance: 2037 (90.53%) -- Ticket Income fr. 130'368
Level 3 -- Attendance: 3252 (85.58%) -- Ticket Income fr. 104'064
Level 4 -- Attendance: 1335 (89.00%) -- Ticket Income fr. 25'365
Luxury Box -- Attendance: 43 (86.00%) -- Ticket Income fr. 8'815
Game was played at the American Airlines Center.
Total Attendance: 16360 (88.43%)
Total Ticket Income: fr. 1'034'359
Total Income: fr. 1'034'359

Minnesota Wild

5 vs 5 Forward 
   Center                   Left Wing                Right Wing               Time % Phy DF OF 
 1 Mika Zibanejad           Jason Zucker             Mikael Granlund          26     0   1  4  
 2 Mikko Koivu              Nino Niederreiter        Alexander Steen          26     0   1  4  
 3 Matt Cullen              Matt Nieto               Patrick Sharp            25     0   2  3  
 4 Johan Larsson            Joel Eriksson Ek         Ty Rattie                23     0   4  1  

5 vs 5 Defense 
   Defense                  Defense                                           Time % Phy DF OF 
 1 Jared Spurgeon           Jonas Brodin                                      32     0   3  2  
 2 Matt Dumba               Christian Folin                                   32     0   3  2  
 3 David Warsofsky          Nate Prosser                                      28     0   4  1  
 4 Jared Spurgeon           Matt Dumba                                        8      0   4  1  

PowerPlay Forward 
   Center                   Left Wing                Right Wing               Time % Phy DF OF 
 1 Mika Zibanejad           Jason Zucker             Mikael Granlund          50     0   0  5  
 2 Mikko Koivu              Nino Niederreiter        Alexander Steen          50     0   0  5  

PowerPlay Defense
   Defense                  Defense                                           Time % Phy DF OF 
 1 Matt Dumba               Jonas Brodin                                      50     0   1  4  
 2 Jared Spurgeon           Christian Folin                                   50     0   1  4  

Penalty Kill 4 Players Forward 
   Center                   Wing                     Time % Phy DF OF 
 1 Mikko Koivu              Mikael Granlund          50     0   5  0  
 2 Johan Larsson            Matt Nieto               50     0   5  0  

Penalty Kill 4 Players Defense
   Defense                  Defense                  Time % Phy DF OF 
 1 Jared Spurgeon           Jonas Brodin             50     0   5  0  
 2 Matt Dumba               Nate Prosser             50     0   5  0  

Penalty Kill - 3 Players Forward 
   Forward                                           Time % Phy DF OF 
 1 Mikko Koivu                                       50     0   5  0  
 2 Johan Larsson                                     50     0   5  0  

Penalty Kill - 3 Players Defense
   Defense                  Defense                  Time % Phy DF OF 
 1 Jared Spurgeon           Jonas Brodin             50     0   5  0  
 2 Matt Dumba               Nate Prosser             50     0   5  0  

4 vs 4 Forward 
   Center                   Wing                     Time % Phy DF OF 
 1 Mika Zibanejad           Mikael Granlund          50     0   1  4  
 2 Mikko Koivu              Alexander Steen          50     0   1  4  

4 vs 4 Defense
   Defense                  Defense                  Time % Phy DF OF 
 1 Jonas Brodin             Jared Spurgeon           50     0   2  3  
 2 Christian Folin          Matt Dumba               50     0   2  3  

Last Minutes Offensive
   Center                   Left Wing                Right Wing               Defense                  Defense                  
   Mika Zibanejad           Jason Zucker             Alexander Steen          Mikael Granlund          Matt Dumba               

Last Minutes Defensive
   Center                   Left Wing                Right Wing               Defense                  Defense                  
   Mikko Koivu              Matt Nieto               Mikael Granlund          Jared Spurgeon           Jonas Brodin             

Goaltenders
Starting : Darcy Kuemper            
Backup : James Reimer             

Extra Forwards
Normal : Jason Zucker, Mikael Granlund, Mika Zibanejad - PP : Alexander Steen, Mika Zibanejad - PK : Matt Nieto
Extra Defensemen
Normal : Jared Spurgeon, Matt Dumba, Jonas Brodin - PP : Matt Dumba - PK : Jonas Brodin, Jared Spurgeon
Penalty Shots
Mika Zibanejad, Mikael Granlund, Alexander Steen, Jason Zucker, Nino Niederreiter
Custom OT Lines Forwards
Mikael Granlund, Mika Zibanejad, Jason Zucker, Nino Niederreiter, Mikko Koivu, Alexander Steen, Matt Nieto, Matt Cullen, Patrick Sharp, Joel Eriksson Ek
Custom OT Lines Defensemen
Jared Spurgeon, Jonas Brodin, Matt Dumba, Christian Folin, Nate Prosser

Scratches
None

Dallas Stars

5 vs 5 Forward 
   Center                   Left Wing                Right Wing               Time % Phy DF OF 
 1 Mark Scheifele           Viktor Arvidsson         James Neal               32     1   1  3  
 2 Riley Sheahan            Matthew Tkachuk          Loui Eriksson            27     1   2  2  
 3 Carl Soderberg           Kyle Connor              Devin Shore              25     1   3  1  
 4 Pierre-Edouard Bellemare Derek Grant              Tom Wilson               16     2   3  0  

5 vs 5 Defense 
   Defense                  Defense                                           Time % Phy DF OF 
 1 John Klingberg           Ryan Ellis                                        32     1   2  2  
 2 Colton Parayko           Oscar Klefbom                                     30     1   2  2  
 3 Stephen Johns            Trevor Daley                                      28     2   3  0  
 4 John Klingberg           Oscar Klefbom                                     10     1   4  0  

PowerPlay Forward 
   Center                   Left Wing                Right Wing               Time % Phy DF OF 
 1 Mark Scheifele           Kyle Connor              Viktor Arvidsson         52     0   0  5  
 2 Carl Soderberg           Matthew Tkachuk          James Neal               48     0   0  5  

PowerPlay Defense
   Defense                  Defense                                           Time % Phy DF OF 
 1 John Klingberg           Ryan Ellis                                        50     0   0  5  
 2 Stephen Johns            Trevor Daley                                      50     0   0  5  

Penalty Kill 4 Players Forward 
   Center                   Wing                     Time % Phy DF OF 
 1 Pierre-Edouard Bellemare Tom Wilson               52     0   5  0  
 2 Riley Sheahan            Loui Eriksson            48     0   5  0  

Penalty Kill 4 Players Defense
   Defense                  Defense                  Time % Phy DF OF 
 1 Colton Parayko           Ryan Ellis               52     0   5  0  
 2 John Klingberg           Trevor Daley             48     0   5  0  

Penalty Kill - 3 Players Forward 
   Forward                                           Time % Phy DF OF 
 1 Pierre-Edouard Bellemare                          52     0   5  0  
 2 Riley Sheahan                                     48     0   5  0  

Penalty Kill - 3 Players Defense
   Defense                  Defense                  Time % Phy DF OF 
 1 Colton Parayko           Ryan Ellis               52     0   5  0  
 2 John Klingberg           Trevor Daley             48     0   5  0  

4 vs 4 Forward 
   Center                   Wing                     Time % Phy DF OF 
 1 Mark Scheifele           Loui Eriksson            52     0   2  3  
 2 Carl Soderberg           Matthew Tkachuk          48     0   2  3  

4 vs 4 Defense
   Defense                  Defense                  Time % Phy DF OF 
 1 Colton Parayko           Oscar Klefbom            65     0   2  3  
 2 Stephen Johns            Trevor Daley             35     0   2  3  

Last Minutes Offensive
   Center                   Left Wing                Right Wing               Defense                  Defense                  
   Mark Scheifele           Viktor Arvidsson         James Neal               John Klingberg           Ryan Ellis               

Last Minutes Defensive
   Center                   Left Wing                Right Wing               Defense                  Defense                  
   Pierre-Edouard Bellemare Riley Sheahan            Tom Wilson               Trevor Daley             Ryan Ellis               

Goaltenders
Starting : Jake Allen               
Backup : Carter Hutton            

Extra Forwards
Normal : James Neal, Mark Scheifele, Viktor Arvidsson - PP : James Neal, Mark Scheifele - PK : Pierre-Edouard Bellemare
Extra Defensemen
Normal : Trevor Daley, John Klingberg, Ryan Ellis - PP : John Klingberg - PK : John Klingberg, Ryan Ellis
Penalty Shots
Mark Scheifele, Matthew Tkachuk, Viktor Arvidsson, James Neal, Kyle Connor
Custom OT Lines Forwards
Viktor Arvidsson, Mark Scheifele, James Neal, Carl Soderberg, Kyle Connor, Matthew Tkachuk, Loui Eriksson, Tom Wilson, Riley Sheahan, Derek Grant
Custom OT Lines Defensemen
Ryan Ellis, John Klingberg, Colton Parayko, Trevor Daley, Oscar Klefbom

Scratches
Joe Morrow (Healthy), Jack Campbell (Healthy)

% Time on Ice - Minnesota Wild

Lines # - Real PCT - Wanted PCT - Time Play
Normal Forward
1 - 26% - 26% - 13:52
2 - 25% - 26% - 13:06
3 - 25% - 25% - 13:20
4 - 24% - 23% - 12:28
Normal Defense
1 - 32% - 32% - 16:49
2 - 32% - 32% - 16:43
3 - 31% - 28% - 16:15
4 - 6% - 8% - 2:59
PP Forward
1 - 46% - 50% - 2:47
2 - 54% - 50% - 3:13
PP Defense
1 - 42% - 50% - 2:30
2 - 58% - 50% - 3:30
PK Forward
1 - 0% - 50%
2 - 0% - 50%
PK Defense
1 - 0% - 50%
2 - 0% - 50%
PK3 Forward
1 - 0% - 50%
2 - 0% - 50%
PK3 Defense
1 - 0% - 50%
2 - 0% - 50%
44 Forward
1 - 0% - 50%
2 - 0% - 50%
44 Defense
1 - 0% - 50%
2 - 0% - 50%
Last Minute Offensive  - 1:14
Last Minute Defensive  - 0:00
Total
Forward - 60:00
Defense - 60:00

% Time on Ice - Dallas Stars

Lines # - Real PCT - Wanted PCT - Time Play
Normal Forward
1 - 30% - 32% - 15:37
2 - 27% - 27% - 14:30
3 - 24% - 25% - 12:34
4 - 19% - 16% - 10:04
Normal Defense
1 - 32% - 32% - 16:54
2 - 30% - 30% - 15:44
3 - 31% - 28% - 16:19
4 - 7% - 10% - 3:48
PP Forward
1 - 0% - 52%
2 - 0% - 48%
PP Defense
1 - 0% - 50%
2 - 0% - 50%
PK Forward
1 - 59% - 52% - 3:33
2 - 41% - 48% - 2:27
PK Defense
1 - 55% - 52% - 3:18
2 - 45% - 48% - 2:42
PK3 Forward
1 - 0% - 52%
2 - 0% - 48%
PK3 Defense
1 - 0% - 52%
2 - 0% - 48%
44 Forward
1 - 0% - 52%
2 - 0% - 48%
44 Defense
1 - 0% - 65%
2 - 0% - 35%
Last Minute Offensive  - 0:00
Last Minute Defensive  - 1:15
Total
Forward - 60:00
Defense - 60:00

Play by Play

1st period


0:01 of 1st period - Mark Scheifele wins face-off versus Mika Zibanejad in neutral zone.
0:26 of 1st period - Jonas Brodin is hit by Loui Eriksson and loses puck.
0:37 of 1st period - Loui Eriksson is hit by Alexander Steen and loses puck.
0:52 of 1st period - Carl Soderberg is hit by Matt Cullen and loses puck.
1:19 of 1st period - Snap shot by Matt Dumba.
1:19 of 1st period - Shot Blocked by Derek Grant.
1:21 of 1st period - Wrist shot by Ty Rattie.
1:21 of 1st period - Stopped by Jake Allen with a rebound.
1:53 of 1st period - Wrist shot by Loui Eriksson.
1:53 of 1st period - Stopped by Darcy Kuemper without a rebound.
1:54 of 1st period - Matt Cullen wins face-off versus Riley Sheahan in Minnesota Wild zone.
2:05 of 1st period - Snap shot by Matt Nieto.
2:05 of 1st period - Stopped by Jake Allen without a rebound.
2:06 of 1st period - Kyle Connor wins face-off versus Joel Eriksson Ek in Dallas Stars zone.
2:21 of 1st period - Wrist shot by Kyle Connor.
2:21 of 1st period - Shot Misses the Net.
2:57 of 1st period - Ryan Ellis is hit by Mika Zibanejad and loses puck.
3:04 of 1st period - Snap shot by Mikael Granlund.
3:04 of 1st period - Stopped by Jake Allen with a rebound.
3:06 of 1st period - Slapshot by Jared Spurgeon.
3:06 of 1st period - Shot Misses the Net.
3:08 of 1st period - Wrist shot by Mikael Granlund.
3:08 of 1st period - Shot Blocked by John Klingberg.
3:18 of 1st period - Matt Nieto is hit by Pierre-Edouard Bellemare and loses puck.
3:27 of 1st period - Slapshot by Ryan Ellis.
3:27 of 1st period - Stopped by Darcy Kuemper without a rebound.
3:28 of 1st period - Mikko Koivu wins face-off versus Carl Soderberg in Minnesota Wild zone.
3:28 of 1st period - Mikko Koivu is hit by Carl Soderberg.
3:52 of 1st period - Mikko Koivu is hit by Matthew Tkachuk and loses puck.
4:29 of 1st period - David Warsofsky is hit by Oscar Klefbom and loses puck.
4:42 of 1st period - Wrist shot by Patrick Sharp.
4:42 of 1st period - Shot Misses the Net.
5:00 of 1st period - Jason Zucker is hit by Stephen Johns and loses puck.
5:05 of 1st period - Slapshot by Carl Soderberg.
5:05 of 1st period - Shot Blocked by Jared Spurgeon.
5:07 of 1st period - Slapshot by Colton Parayko.
5:07 of 1st period - Deflect By Kyle Connor.
5:07 of 1st period - Stopped by Darcy Kuemper without a rebound.
5:08 of 1st period - Riley Sheahan wins face-off versus Mika Zibanejad in Minnesota Wild zone.
6:01 of 1st period - Matt Dumba is hit by Ryan Ellis and loses puck.
6:23 of 1st period - Minor Penalty to Tom Wilson for Hooking.
6:24 of 1st period - Mikael Granlund wins face-off versus Pierre-Edouard Bellemare in Dallas Stars zone.
7:27 of 1st period - Trevor Daley is hit by Mika Zibanejad.
7:31 of 1st period - Jonas Brodin is hit by Carl Soderberg and loses puck.
8:06 of 1st period - Mikael Granlund is hit by Colton Parayko and loses puck.
8:23 of 1st period - Penalty to Tom Wilson is over, Tom Wilson is back on ice.
10:22 of 1st period - Matt Nieto is hit by Riley Sheahan.
10:31 of 1st period - Icing by Matthew Tkachuk.
10:32 of 1st period - Johan Larsson wins face-off versus James Neal in Dallas Stars zone.
11:10 of 1st period - Riley Sheahan is hit by Jared Spurgeon and loses puck.
11:19 of 1st period - Wrist shot by Alexander Steen.
11:19 of 1st period - Deflect By Oscar Klefbom.
11:19 of 1st period - Shot Misses the Net.
11:19 of 1st period - Puck is out of play.
11:20 of 1st period - Mark Scheifele wins face-off versus Matt Cullen in Dallas Stars zone.
11:35 of 1st period - Matt Nieto is hit by Trevor Daley.
11:51 of 1st period - Wrist shot by Kyle Connor.
11:51 of 1st period - Shot Misses the Net.
12:05 of 1st period - Jared Spurgeon is hit by Pierre-Edouard Bellemare and loses puck.
12:24 of 1st period - Loui Eriksson is hit by Johan Larsson.
12:28 of 1st period - Jared Spurgeon is hit by Matthew Tkachuk and loses puck.
12:45 of 1st period - Jared Spurgeon is hit by Carl Soderberg and loses puck.
12:54 of 1st period - Snap shot by Kyle Connor.
12:54 of 1st period - Stopped by Darcy Kuemper with a rebound.
12:56 of 1st period - Wrist shot by Trevor Daley.
12:56 of 1st period - Shot Hit the Post.
13:33 of 1st period - Nate Prosser is hit by Derek Grant and loses puck.
13:40 of 1st period - Trevor Daley is hit by Jason Zucker.
13:57 of 1st period - Off-side.
13:58 of 1st period - Mikko Koivu wins face-off versus Carl Soderberg in neutral zone.
14:01 of 1st period - Oscar Klefbom is hit by Alexander Steen and loses puck.
14:24 of 1st period - Mikael Granlund is hit by Matthew Tkachuk and loses puck.
14:45 of 1st period - Christian Folin is hit by Viktor Arvidsson and loses puck.
15:06 of 1st period - Ryan Ellis is hit by Joel Eriksson Ek and loses puck.
15:13 of 1st period - Matt Dumba is hit by Pierre-Edouard Bellemare and loses puck.
15:28 of 1st period - Kyle Connor is hit by Nino Niederreiter and loses puck.
18:26 of 1st period - Loui Eriksson is hit by Ty Rattie and loses puck.
18:39 of 1st period - Slapshot by Mark Scheifele.
18:39 of 1st period - Stopped by Darcy Kuemper with a rebound.
18:41 of 1st period - Backhand shot by Trevor Daley.
18:41 of 1st period - Stopped by Darcy Kuemper with a rebound.
18:49 of 1st period - Wrist shot by Mark Scheifele.
18:49 of 1st period - Stopped by Darcy Kuemper with a rebound.
19:01 of 1st period - Snap shot by Derek Grant.
19:01 of 1st period - Stopped by Darcy Kuemper with a rebound.
19:03 of 1st period - Wrist shot by Derek Grant.
19:03 of 1st period - Goal by Derek Grant - Minnesota Wild : 0 - Dallas Stars : 1.
19:04 of 1st period - Mikko Koivu wins face-off versus Riley Sheahan in neutral zone.
19:29 of 1st period - Loui Eriksson is hit by Jonas Brodin and loses puck.
Goals for this period are 0 for Minnesota Wild vs 1 for Dallas Stars.
Shots for this period are 3 for Minnesota Wild vs 9 for Dallas Stars.

2nd period


0:01 of 2nd period - Matt Cullen wins face-off versus Mark Scheifele in neutral zone.
0:04 of 2nd period - Slapshot by Matt Dumba.
0:04 of 2nd period - Stopped by Jake Allen without a rebound.
0:05 of 2nd period - Matt Cullen wins face-off versus Mark Scheifele in Dallas Stars zone.
0:06 of 2nd period - Snap shot by Matt Nieto.
0:06 of 2nd period - Stopped by Jake Allen with a rebound.
0:08 of 2nd period - Slapshot by Jared Spurgeon.
0:08 of 2nd period - Shot Blocked by Viktor Arvidsson.
0:10 of 2nd period - Snap shot by Jared Spurgeon.
0:10 of 2nd period - Deflect By Matt Nieto.
0:10 of 2nd period - Shot Misses the Net.
0:10 of 2nd period - Puck is out of play.
0:11 of 2nd period - Mikko Koivu wins face-off versus Carl Soderberg in Dallas Stars zone.
0:44 of 2nd period - Wrist shot by Viktor Arvidsson.
0:44 of 2nd period - Stopped by Darcy Kuemper with a rebound.
1:02 of 2nd period - Backhand shot by Matthew Tkachuk.
1:02 of 2nd period - Stopped by Darcy Kuemper with a rebound.
1:42 of 2nd period - Carl Soderberg is hit by Christian Folin.
2:08 of 2nd period - Wrist shot by Mark Scheifele.
2:08 of 2nd period - Shot Misses the Net.
2:10 of 2nd period - Wrist shot by Ryan Ellis.
2:10 of 2nd period - Stopped by Darcy Kuemper with a rebound.
2:12 of 2nd period - Snap shot by Ryan Ellis.
2:12 of 2nd period - Stopped by Darcy Kuemper with a rebound.
3:00 of 2nd period - Snap shot by Mikko Koivu.
3:00 of 2nd period - Shot Misses the Net.
3:02 of 2nd period - Snap shot by Mikko Koivu.
3:02 of 2nd period - Shot Hit the Post.
3:04 of 2nd period - Slapshot by Matt Dumba.
3:04 of 2nd period - Shot Misses the Net.
3:06 of 2nd period - Slapshot by Christian Folin.
3:06 of 2nd period - Stopped by Jake Allen without a rebound.
3:07 of 2nd period - Mark Scheifele wins face-off versus Matt Cullen in Dallas Stars zone.
3:41 of 2nd period - Wrist shot by Kyle Connor.
3:41 of 2nd period - Deflect By Carl Soderberg.
3:41 of 2nd period - Shot Blocked by Nino Niederreiter.
3:41 of 2nd period - Puck is out of play.
3:42 of 2nd period - Carl Soderberg wins face-off versus Mikko Koivu in Minnesota Wild zone.
3:53 of 2nd period - Snap shot by Carl Soderberg.
3:53 of 2nd period - Shot Misses the Net.
3:55 of 2nd period - Snap shot by Devin Shore.
3:55 of 2nd period - Goal by Devin Shore - Minnesota Wild : 0 - Dallas Stars : 2.
3:56 of 2nd period - Mark Scheifele wins face-off versus Mikko Koivu in neutral zone.
4:21 of 2nd period - Matt Nieto is hit by Oscar Klefbom and loses puck.
5:10 of 2nd period - Backhand shot by Johan Larsson.
5:10 of 2nd period - Stopped by Jake Allen without a rebound.
5:11 of 2nd period - Mark Scheifele wins face-off versus Mikko Koivu in Dallas Stars zone.
5:44 of 2nd period - Matt Cullen is hit by Stephen Johns.
6:04 of 2nd period - Wrist shot by Mika Zibanejad.
6:04 of 2nd period - Stopped by Jake Allen without a rebound.
6:05 of 2nd period - Mikko Koivu wins face-off versus Carl Soderberg in Dallas Stars zone.
6:09 of 2nd period - Minor Penalty to Oscar Klefbom for Holding.
6:10 of 2nd period - Mikko Koivu wins face-off versus Pierre-Edouard Bellemare in Dallas Stars zone.
6:12 of 2nd period - Snap shot by Mikko Koivu.
6:12 of 2nd period - Goal by Mikko Koivu - Minnesota Wild : 1 - Dallas Stars : 2.
6:13 of 2nd period - Mark Scheifele wins face-off versus Mika Zibanejad in neutral zone.
7:44 of 2nd period - Slapshot by Mark Scheifele.
7:44 of 2nd period - Stopped by Darcy Kuemper with a rebound.
7:46 of 2nd period - Slapshot by Oscar Klefbom.
7:46 of 2nd period - Shot Misses the Net.
7:58 of 2nd period - Snap shot by Patrick Sharp.
7:58 of 2nd period - Stopped by Jake Allen with a rebound.
8:39 of 2nd period - Matt Dumba is hit by Pierre-Edouard Bellemare and loses puck.
8:44 of 2nd period - Wrist shot by Tom Wilson.
8:44 of 2nd period - Shot Misses the Net.
8:46 of 2nd period - Wrist shot by Derek Grant.
8:46 of 2nd period - Shot Misses the Net.
9:04 of 2nd period - Mikael Granlund is hit by James Neal and loses puck.
9:23 of 2nd period - Devin Shore is hit by Matt Cullen and loses puck.
10:00 of 2nd period - Wrist shot by Riley Sheahan.
10:00 of 2nd period - Stopped by Darcy Kuemper with a rebound.
10:06 of 2nd period - Colton Parayko is hit by Ty Rattie and loses puck.
10:48 of 2nd period - Snap shot by Carl Soderberg.
10:48 of 2nd period - Deflect By Kyle Connor.
10:48 of 2nd period - Shot Misses the Net.
10:48 of 2nd period - Puck is out of play.
10:49 of 2nd period - Mikko Koivu wins face-off versus Carl Soderberg in Minnesota Wild zone.
10:49 of 2nd period - Mikko Koivu is hit by Stephen Johns.
10:54 of 2nd period - Off-side.
10:55 of 2nd period - Mikko Koivu wins face-off versus Carl Soderberg in neutral zone.
11:00 of 2nd period - Wrist shot by Alexander Steen.
11:00 of 2nd period - Stopped by Jake Allen with a rebound.
11:41 of 2nd period - Matt Nieto is hit by Loui Eriksson and loses puck.
12:05 of 2nd period - Snap shot by Tom Wilson.
12:05 of 2nd period - Stopped by Darcy Kuemper with a rebound.
12:35 of 2nd period - Devin Shore is hit by Mika Zibanejad and loses puck.
12:44 of 2nd period - Snap shot by Mikael Granlund.
12:44 of 2nd period - Shot Misses the Net.
12:58 of 2nd period - Slapshot by Patrick Sharp.
12:58 of 2nd period - Stopped by Jake Allen with a rebound.
13:22 of 2nd period - Jonas Brodin is hit by Pierre-Edouard Bellemare and loses puck.
13:35 of 2nd period - Wrist shot by Alexander Steen.
13:35 of 2nd period - Shot Blocked by Colton Parayko.
14:02 of 2nd period - Colton Parayko is hit by Jason Zucker and loses puck.
14:19 of 2nd period - Snap shot by Mark Scheifele.
14:19 of 2nd period - Stopped by Darcy Kuemper with a rebound.
14:21 of 2nd period - Snap shot by James Neal.
14:21 of 2nd period - Stopped by Darcy Kuemper without a rebound.
14:22 of 2nd period - Matt Cullen wins face-off versus Riley Sheahan in Minnesota Wild zone.
14:22 of 2nd period - Matt Cullen is hit by Loui Eriksson.
14:46 of 2nd period - Matt Nieto is hit by John Klingberg and loses puck.
15:14 of 2nd period - Matt Cullen is hit by Derek Grant and loses puck.
15:29 of 2nd period - Slapshot by John Klingberg.
15:29 of 2nd period - Shot Blocked by Matt Dumba.
15:31 of 2nd period - Wrist shot by Derek Grant.
15:31 of 2nd period - Stopped by Darcy Kuemper without a rebound.
15:32 of 2nd period - Mikko Koivu wins face-off versus Riley Sheahan in Minnesota Wild zone.
15:39 of 2nd period - Wrist shot by David Warsofsky.
15:39 of 2nd period - Shot Misses the Net.
15:47 of 2nd period - Snap shot by Loui Eriksson.
15:47 of 2nd period - Shot Misses the Net.
16:10 of 2nd period - Off-side.
16:11 of 2nd period - Mark Scheifele wins face-off versus Mika Zibanejad in neutral zone.
16:18 of 2nd period - Wrist shot by Viktor Arvidsson.
16:18 of 2nd period - Shot Misses the Net.
16:26 of 2nd period - Snap shot by Mark Scheifele.
16:26 of 2nd period - Deflect By James Neal.
16:26 of 2nd period - Shot Hit the Post.
16:26 of 2nd period - Puck is out of play.
16:27 of 2nd period - Johan Larsson wins face-off versus Riley Sheahan in Minnesota Wild zone.
16:40 of 2nd period - Christian Folin is hit by Riley Sheahan and loses puck.
16:51 of 2nd period - Matt Dumba is hit by Viktor Arvidsson and loses puck.
16:59 of 2nd period - Off-side.
17:00 of 2nd period - Carl Soderberg wins face-off versus Mikko Koivu in neutral zone.
17:13 of 2nd period - Oscar Klefbom is hit by Mikko Koivu and loses puck.
17:30 of 2nd period - Viktor Arvidsson is hit by Johan Larsson and loses puck.
17:36 of 2nd period - Minor Penalty to John Klingberg for Diving.
17:37 of 2nd period - Pierre-Edouard Bellemare wins face-off versus Mikko Koivu in Dallas Stars zone.
17:49 of 2nd period - Snap shot by Alexander Steen.
17:49 of 2nd period - Deflect By Ryan Ellis.
17:49 of 2nd period - Shot Misses the Net.
17:49 of 2nd period - Puck is out of play.
17:50 of 2nd period - Pierre-Edouard Bellemare wins face-off versus Mika Zibanejad in Dallas Stars zone.
18:35 of 2nd period - Mikko Koivu is hit by Tom Wilson.
18:45 of 2nd period - Slapshot by Colton Parayko.
18:45 of 2nd period - Stopped by Darcy Kuemper without a rebound.
18:46 of 2nd period - Mika Zibanejad wins face-off versus Riley Sheahan in Minnesota Wild zone.
18:55 of 2nd period - Wrist shot by Mika Zibanejad.
18:55 of 2nd period - Deflect By Mikael Granlund.
18:55 of 2nd period - Shot Blocked by Riley Sheahan.
18:55 of 2nd period - Puck is out of play.
18:56 of 2nd period - Alexander Steen wins face-off versus Pierre-Edouard Bellemare in Dallas Stars zone.
18:59 of 2nd period - Snap shot by Mikko Koivu.
18:59 of 2nd period - Stopped by Jake Allen without a rebound.
19:00 of 2nd period - Pierre-Edouard Bellemare wins face-off versus Mikko Koivu in Dallas Stars zone.
19:13 of 2nd period - Snap shot by Mikko Koivu.
19:13 of 2nd period - Stopped by Jake Allen with a rebound.
19:15 of 2nd period - Snap shot by Christian Folin.
19:15 of 2nd period - Stopped by Jake Allen with a rebound.
19:25 of 2nd period - Jason Zucker is hit by Tom Wilson and loses puck.
19:36 of 2nd period - Penalty to John Klingberg is over, John Klingberg is back on ice.
Goals for this period are 1 for Minnesota Wild vs 1 for Dallas Stars.
Shots for this period are 12 for Minnesota Wild vs 12 for Dallas Stars.

3rd period


0:01 of 3rd period - Riley Sheahan wins face-off versus Mika Zibanejad in neutral zone.
0:35 of 3rd period - Snap shot by Johan Larsson.
0:35 of 3rd period - Stopped by Jake Allen without a rebound.
0:36 of 3rd period - Mark Scheifele wins face-off versus Mikko Koivu in Dallas Stars zone.
0:36 of 3rd period - Mark Scheifele is hit by Nino Niederreiter.
0:52 of 3rd period - Wrist shot by Viktor Arvidsson.
0:52 of 3rd period - Shot Blocked by David Warsofsky.
1:23 of 3rd period - Nate Prosser is hit by Tom Wilson and loses puck.
1:40 of 3rd period - Riley Sheahan is hit by Joel Eriksson Ek and loses puck.
1:45 of 3rd period - Snap shot by Jared Spurgeon.
1:45 of 3rd period - Shot Misses the Net.
2:09 of 3rd period - Snap shot by Kyle Connor.
2:09 of 3rd period - Shot Misses the Net.
2:11 of 3rd period - Snap shot by Devin Shore.
2:11 of 3rd period - Deflect By Kyle Connor.
2:11 of 3rd period - Stopped by Darcy Kuemper with a rebound.
2:20 of 3rd period - Off-side.
2:21 of 3rd period - Mika Zibanejad wins face-off versus Mark Scheifele in neutral zone.
2:28 of 3rd period - Snap shot by Jason Zucker.
2:28 of 3rd period - Stopped by Jake Allen with a rebound.
2:30 of 3rd period - Slapshot by Jared Spurgeon.
2:30 of 3rd period - Shot Hit the Post.
2:46 of 3rd period - Slapshot by Colton Parayko.
2:46 of 3rd period - Deflect By Carl Soderberg.
2:46 of 3rd period - Stopped by Darcy Kuemper without a rebound.
2:47 of 3rd period - Carl Soderberg wins face-off versus Matt Cullen in Minnesota Wild zone.
2:54 of 3rd period - Slapshot by Kyle Connor.
2:54 of 3rd period - Stopped by Darcy Kuemper without a rebound.
2:55 of 3rd period - Mika Zibanejad wins face-off versus Mark Scheifele in Minnesota Wild zone.
3:00 of 3rd period - Snap shot by Mikael Granlund.
3:00 of 3rd period - Stopped by Jake Allen with a rebound.
4:45 of 3rd period - Snap shot by Mikael Granlund.
4:45 of 3rd period - Shot Misses the Net.
4:47 of 3rd period - Wrist shot by Nate Prosser.
4:47 of 3rd period - Shot Misses the Net.
4:49 of 3rd period - Slapshot by Nate Prosser.
4:49 of 3rd period - Stopped by Jake Allen with a rebound.
4:51 of 3rd period - Slapshot by David Warsofsky.
4:51 of 3rd period - Stopped by Jake Allen with a rebound.
4:53 of 3rd period - Slapshot by Mikael Granlund.
4:53 of 3rd period - Shot Misses the Net.
5:49 of 3rd period - Minor Penalty to Matthew Tkachuk for Hooking.
5:50 of 3rd period - Mikko Koivu wins face-off versus Pierre-Edouard Bellemare in Dallas Stars zone.
5:55 of 3rd period - Wrist shot by Mikko Koivu.
5:55 of 3rd period - Deflect By Ryan Ellis.
5:55 of 3rd period - Shot Misses the Net.
5:55 of 3rd period - Puck is out of play.
5:56 of 3rd period - Pierre-Edouard Bellemare wins face-off versus Mikko Koivu in Dallas Stars zone.
6:05 of 3rd period - Wrist shot by Tom Wilson.
6:05 of 3rd period - Shot Misses the Net.
7:49 of 3rd period - Penalty to Matthew Tkachuk is over, Matthew Tkachuk is back on ice.
8:03 of 3rd period - Matt Dumba is hit by Mark Scheifele and loses puck.
8:34 of 3rd period - Slapshot by Matt Nieto.
8:34 of 3rd period - Stopped by Jake Allen with a rebound.
8:36 of 3rd period - Snap shot by Matt Nieto.
8:36 of 3rd period - Stopped by Jake Allen with a rebound.
8:38 of 3rd period - Slapshot by Matt Dumba.
8:38 of 3rd period - Shot Blocked by Riley Sheahan.
9:08 of 3rd period - Wrist shot by Ryan Ellis.
9:08 of 3rd period - Stopped by Darcy Kuemper with a rebound.
9:54 of 3rd period - Carl Soderberg is hit by Christian Folin and loses puck.
10:12 of 3rd period - Snap shot by Matthew Tkachuk.
10:12 of 3rd period - Stopped by Darcy Kuemper with a rebound.
10:14 of 3rd period - Wrist shot by Loui Eriksson.
10:14 of 3rd period - Stopped by Darcy Kuemper with a rebound.
10:40 of 3rd period - Patrick Sharp is hit by Oscar Klefbom and loses puck.
12:30 of 3rd period - John Klingberg is hit by Jason Zucker and loses puck.
13:03 of 3rd period - Slapshot by Tom Wilson.
13:03 of 3rd period - Shot Misses the Net.
13:05 of 3rd period - Wrist shot by Derek Grant.
13:05 of 3rd period - Shot Misses the Net.
13:07 of 3rd period - Snap shot by Tom Wilson.
13:07 of 3rd period - Stopped by Darcy Kuemper without a rebound.
13:08 of 3rd period - Carl Soderberg wins face-off versus Mika Zibanejad in Minnesota Wild zone.
13:19 of 3rd period - Wrist shot by Kyle Connor.
13:19 of 3rd period - Deflect By Carl Soderberg.
13:19 of 3rd period - Stopped by Darcy Kuemper with a rebound.
13:21 of 3rd period - Wrist shot by Kyle Connor.
13:21 of 3rd period - Deflect By Carl Soderberg.
13:21 of 3rd period - Stopped by Darcy Kuemper with a rebound.
13:23 of 3rd period - Wrist shot by Devin Shore.
13:23 of 3rd period - Shot Misses the Net.
13:33 of 3rd period - Stephen Johns is hit by Mikko Koivu and loses puck.
13:42 of 3rd period - Christian Folin is hit by Viktor Arvidsson and loses puck.
14:18 of 3rd period - Jared Spurgeon is hit by Kyle Connor and loses puck.
14:40 of 3rd period - Derek Grant is hit by Nate Prosser and loses puck.
14:45 of 3rd period - Wrist shot by Mikael Granlund.
14:45 of 3rd period - Shot Misses the Net.
15:02 of 3rd period - John Klingberg is hit by Christian Folin and loses puck.
15:06 of 3rd period - Icing by Tom Wilson.
15:07 of 3rd period - Pierre-Edouard Bellemare wins face-off versus Johan Larsson in Dallas Stars zone.
15:16 of 3rd period - Joel Eriksson Ek is hit by Ryan Ellis.
15:36 of 3rd period - Wrist shot by Tom Wilson.
15:36 of 3rd period - Stopped by Darcy Kuemper with a rebound.
15:38 of 3rd period - Snap shot by Ryan Ellis.
15:38 of 3rd period - Deflect By David Warsofsky.
15:38 of 3rd period - Stopped by Darcy Kuemper without a rebound.
15:39 of 3rd period - Mika Zibanejad wins face-off versus Kyle Connor in Minnesota Wild zone.
16:27 of 3rd period - Backhand shot by Alexander Steen.
16:27 of 3rd period - Stopped by Jake Allen with a rebound.
16:43 of 3rd period - James Neal is hit by Joel Eriksson Ek and loses puck.
17:02 of 3rd period - Stephen Johns is hit by Mikael Granlund and loses puck.
17:11 of 3rd period - Wrist shot by Mikael Granlund.
17:11 of 3rd period - Shot Misses the Net.
17:28 of 3rd period - Jared Spurgeon is hit by Matthew Tkachuk.
17:35 of 3rd period - Icing by Loui Eriksson.
17:36 of 3rd period - Matt Cullen wins face-off versus Riley Sheahan in Dallas Stars zone.
17:43 of 3rd period - Nate Prosser is hit by Ryan Ellis and loses puck.
17:54 of 3rd period - Matt Cullen is hit by Matthew Tkachuk and loses puck.
18:32 of 3rd period - Matt Dumba is hit by Carl Soderberg and loses puck.
18:41 of 3rd period - Backhand shot by Kyle Connor.
18:41 of 3rd period - Shot Misses the Net.
19:00 of 3rd period - Minnesota Wild, Darcy Kuemper is pulled from the net.
19:40 of 3rd period - Slapshot by Jason Zucker.
19:40 of 3rd period - Deflect By Alexander Steen.
19:40 of 3rd period - Deflect By Pierre-Edouard Bellemare.
19:40 of 3rd period - Shot Blocked by Trevor Daley.
19:40 of 3rd period - Puck is out of play.
19:41 of 3rd period - Bruce Boudreau call a timeout for Minnesota Wild.
19:41 of 3rd period - Pierre-Edouard Bellemare wins face-off versus Mika Zibanejad in Dallas Stars zone.
Goals for this period are 0 for Minnesota Wild vs 0 for Dallas Stars.
Shots for this period are 8 for Minnesota Wild vs 11 for Dallas Stars.